 Dungeon Crawl Stone Soup version 0.30-a0-49-g1cef19eb02 (webtiles) character file.

Game seed: 2077764419447981408

3109 drugrobin the Slicer (level 9, -2/79 HPs)
             Began as a Demigod Delver on Sept 3, 2022.
             Slain by an elephant (6 damage)
             ... on level 7 of the Dungeon.
             The game lasted 00:19:13 (6775 turns).

drugrobin the Slicer (Demigod Delver)               Turns: 6775, Time: 00:19:13

Health: -2/79      AC:  9    Str: 17    XL:     9   Next: 34%
Magic:  11/11      EV: 14    Int: 16    God:
Gold:   491        SH:  0    Dex: 19    Spells: 7/8 levels left

rFire   . . .      SeeInvis .    b - +3 spear (venom)
rCold   . . .      Faith    .    (no shield)
rNeg    . . .      Spirit   .    r - +0 swamp dragon scales
rPois   +          Reflect  .    (no helmet)
rElec   .          Harm     .    K - +1 cloak
rCorr   .          Rampage  .    (no gloves)
Will    .....                    (no boots)
Stlth   ++........               k - amulet of regeneration
HPRegen 1.03/turn                (no ring)
MPRegen 0.12/turn                (no ring)

@: no status effects
A: high MP 1, forlorn, divine attributes
a: no special abilities


You were on level 7 of the Dungeon.
You visited 1 branch of the dungeon, and saw 8 of its levels.

You collected 491 gold pieces.

Inventory:

Hand Weapons
 a - a +0 short sword
 b - a +3 spear of venom (weapon)
 c - a +0 sling of freezing
 m - a +0 flail
 I - a +4 quarterstaff of chaos
 M - a +0 dagger of chaos
Missiles
 q - a throwing net
 v - 5 boomerangs (quivered)
Armour
 r - +0 swamp dragon scales (worn)
 C - the +5 robe "Cemuorphe" {Harm rCorr}
   (You found it on level 5 of the Dungeon)

   rCorr:     It protects you from acid and corrosion.
   Harm:      It increases damage dealt and taken.
 D - a +2 leather armour of cold resistance
 K - a +1 cloak (worn)
Jewellery
 k - an amulet of regeneration (around neck)
Wands
 g - a wand of digging (17)
 t - a wand of mindburst (9)
 H - a wand of flame (11)
Scrolls
 d - 2 scrolls of magic mapping
 e - 2 scrolls of fear
 h - 3 scrolls of teleportation {unknown}
 j - a scroll of silence {unknown}
 n - 4 scrolls of vulnerability {unknown}
 o - 5 scrolls of noise {unknown}
 u - a scroll of blinking {unknown}
 x - a scroll of fog
 y - 2 scrolls of identify {unknown}
 A - 2 scrolls of immolation
 G - 2 scrolls of poison {unknown}
 J - a scroll of brand weapon {unknown}
Potions
 f - 3 potions of haste
 i - 5 potions of curing {unknown}
 l - a potion of cancellation {unknown}
 p - 2 potions of brilliance {unknown}
 s - 2 potions of might {unknown}
 w - a potion of attraction {unknown}
 z - 2 potions of ambrosia {unknown}
 B - a potion of lignification {unknown}
 E - a potion of mutation {unknown}
 F - a potion of degeneration {unknown}
 L - a potion of magic {unknown}


   Skills:
 + Level 7.5 Fighting
 + Level 8.3 Short Blades
 + Level 5.8 Dodging
 - Level 4.5 Stealth
 + Level 2.3 Evocations


You had 7 spell levels left.
You knew the following spells:

 Your Spells              Type           Power      Damage    Failure   Level
a - Foxfire               Conj/Fire      0%         2x1d4     43%         1

Your spell library contained the following spells:

 Spells                   Type           Power      Damage    Failure   Level
 Apportation              Tloc           0%         N/A       43%         1
 Magic Dart               Conj           0%         1d3       43%         1
 Necrotise                Necr           0%         1d4       43%         1
 Summon Small Mammal      Summ           0%         N/A       43%         1
 Searing Ray              Conj           0%         2d4       56%         2
 Conjure Flame            Conj/Fire      0%         6-21      80%         3
 Inner Flame              Hex/Fire       0%         N/A       80%         3
 Cause Fear               Hex            0%         N/A       99%         4
 Fulminant Prism          Conj/Hex       0%         3d6       99%         4
 Summon Forest            Summ/Tloc      0%         N/A       100%        5
 Summon Mana Viper        Hex/Summ       0%         N/A       100%        5
 Summon Cactus Giant      Summ           0%         N/A       100%        6
 Dragon Form              Tmut           0%         N/A       100%        7
 Dragon's Call            Summ           0%         N/A       100%        9
 Fire Storm               Conj/Fire      0%         5d1       100%        9


Dungeon Overview and Level Annotations

Branches:
Dungeon (8/15)             Temple (0/1) D:7
   Lair: D:8-11

Shops:
D:5 [

Annotations:
D:4 3 runed translucent doors, Newt's ghost, amateur DsGl
D:8 1 runed translucent door, logorrheac's ghost, novice GnWn


Innate Abilities, Weirdness & Mutations

You have an increased reservoir of magic. (+10% MP)
You shall have no god before yourself.
Your divine heritage dramatically boosts your attributes as you level up.


Message History

You barely miss the elephant.
The elephant is severely wounded.
The elephant tramples you but does no damage.
The elephant trunk-slaps you.
* * * LOW HITPOINT WARNING * * *
Unknown command.
Unknown command.
Unknown command.
You hit the elephant but do no damage.
The elephant is severely wounded.
The elephant tramples you!
* * * LOW HITPOINT WARNING * * *
You hold your ground!
The elephant closely misses you.
Unknown command.
Unknown command.
Unknown command.
Unknown command.
You hit the elephant but do no damage.
The elephant is severely wounded.
Unknown command.
Unknown command.
Unknown command.
Unknown command.
Your +3 spear of venom begins to drip with poison!
b - a +3 spear of venom (weapon)
The elephant tramples you.
* * * LOW HITPOINT WARNING * * *
You hold your ground!
The elephant misses you.
Unknown command.
Unknown command.
You hit the elephant.
The elephant looks as sick as possible!
The elephant is almost dead.
The elephant tramples you.
* * * LOW HITPOINT WARNING * * *
You hold your ground!
The elephant completely misses you.
Unknown command.
Unknown command.
Unknown command.
The elephant attacks as you move away! The elephant tramples you.
You die...

).##..§§§.§§..§≈.# #.#
...'...§.♣.♣♣♣§§§# #.#
..##...≈.♣...♣.≈§### #.#
...+...≈.♣._.♣.≈...# #.#
...#...≈.♣...♣§§.#.# #.#
.#.)...≈.♣♣♣.♣.≈.#.# #.#
.#.....≈...§§§§§.#.#######.#
##.....≈≈§≈§§§≈§...........#
#.......§..§.(Y@###########
#........§..§#.##
#.###........#.## #.#
#.....~..#..# #.#
#...>.####''#### #.#
#.....#.....)..# #.#
#.....#.##..##.# #.#
#.....#.##..##.# ##.#
#.....#........#


You could see an elephant (extremely poisoned).

Vanquished Creatures
  Maggie (D:7)
  3 steam dragons
  Duvessa (D:5)
  A water moccasin (D:7)
  3 orc warriors (D:7)
  3 black bears
  2 sky beasts (D:7)
  A centaur (D:6)
  A phantom (D:4)
  A kobold brigand (D:7)
  2 bullfrogs
  3 necrophages
  2 scorpions
  Dowan (D:5)
  3 crimson imps (D:8)
  A jelly (D:6)
  2 orc priests (D:7)
  Crazy Yiuf (D:6)
  A gnoll bouda (D:8)
  2 hounds
  5 iguanas
  4 orc wizards
  Robin (D:2)
  8 gnolls
  6 adders
  A shadow imp (D:6)
  3 white imps
  A worm (D:2)
  10 orcs
  5 ball pythons
  3 endoplasms
  13 goblins
  11 hobgoblins
  8 jackals
  7 quokkas
  6 bats
  A frilled lizard (D:1)
  5 kobolds
  6 rats
139 creatures vanquished.

Vanquished Creatures (others)
  2 foxfires (D:8)
  10 fungi (D:6)
12 creatures vanquished.

Grand Total: 151 creatures vanquished

Notes
Turn   | Place    | Note
-------+----------+-------------------------------------------
     0 | D:5      | drugrobin the Demigod Delver began the quest for the Orb.
     0 | D:5      | Reached XP level 1. HP: 18/18 MP: 3/3
     9 | D:5      | Noticed an orc wizard
    24 | D:5      | Noticed an iguana
    51 | D:5      | Reached skill level 2 in Short Blades
   294 | D:5      | Noticed a necrophage
   306 | D:5      | Killed a necrophage
   307 | D:5      | Reached skill level 3 in Short Blades
   307 | D:5      | Reached XP level 2. HP: 15/25 MP: 4/4
   307 | D:5      | Reached XP level 3. HP: 18/30 MP: 5/5
   429 | D:5      | Noticed a scorpion
   476 | D:4      | Found a runed translucent gate.
   476 | D:4      | Found a runed translucent gate.
   477 | D:4      | Found a runed translucent gate.
   478 | D:4      | Noticed Newt's ghost (amateur DsGl)
   567 | D:3      | Reached skill level 4 in Short Blades
   618 | D:3      | Reached XP level 4. HP: 36/37 MP: 6/6
  1178 | D:3      | Noticed a shadow
  1401 | D:2      | Noticed Robin
  1419 | D:2      | Killed Robin
  2543 | D:2      | Reached XP level 5. HP: 35/45 MP: 7/7
  2699 | D:4      | Reached skill level 5 in Short Blades
  3059 | D:5      | Noticed Dowan
  3060 | D:5      | Noticed Duvessa
  3062 | D:5      | Identified the +5 robe "Cemuorphe" {Harm rCorr}
  3075 | D:5      | Killed Dowan
  3080 | D:5      | Killed Duvessa
  3081 | D:5      | Reached XP level 6. HP: 45/52 MP: 8/8
  3197 | D:5      | Found Suehaug's Armour Shop.
  3397 | D:5      | Reached skill level 6 in Short Blades
  3585 | D:5      | Reached XP level 7. HP: 57/60 MP: 9/9
  3660 | D:6      | Reached skill level 5 in Fighting
  4218 | D:6      | Found a runed translucent door.
  4219 | D:6      | Noticed Crazy Yiuf
  4311 | D:6      | Got the Folio of Bread
  4314 | D:6      | Learned a level 1 spell: Foxfire
  4393 | D:6      | Killed Crazy Yiuf
  4446 | D:7      | Found a staircase to the Ecumenical Temple.
  4663 | D:7      | Reached XP level 8. HP: 68/70 MP: 10/10
  4725 | D:7      | Reached skill level 7 in Short Blades
  4873 | D:7      | Noticed Maggie
  4911 | D:7      | Killed Maggie
  5334 | D:7      | Reached skill level 5 in Dodging
  6050 | D:8      | Reached XP level 9. HP: 79/79 MP: 11/11
  6075 | D:8      | Found a runed translucent door.
  6075 | D:8      | Noticed logorrheac's ghost (novice GnWn)
  6118 | D:8      | HP: 3/79 [steam dragon (2)]
  6119 | D:8      | HP: 1/79 [steam dragon (3)]
  6121 | D:8      | Reached skill level 8 in Short Blades
  6121 | D:8      | Reached skill level 1 in Evocations
  6659 | D:8      | Noticed a death yak
  6659 | D:8      | Noticed an elephant
  6775 | D:7      | Slain by an elephant

Illustrated notes

Levels and vault maps discovered:
D:1:      grunt_arrival_crossed_arrows, layout_rooms, reono_crystal_passage
D:2:      layout_basic, uniq_robin
D:3:      layout_loops_ring, riverfiend_overflow_shadow_ancestor
D:4:      layout_rooms, mainiacjoe_overflow_concentric_impassable,
          gammafunk_ghost_split, dk_vineyard_2
D:5:      layout_rooms, zin_scriptorium, serial_shops, shop,
          hangedman_abyss_or_decor_lesser_grid, uniq_duvessa
D:6:      layout_rooms, mainiacjoe_overflow_cross_hatched, lemuel_doored_altar,
          overflow_temple_1_default, bloody_trog, uniq_crazy_yiuf_cottage
D:7:      layout_basic, mainiacjoe_overflow_brackets,
          minmay_temple_entry_overgrown, kennysheep_generic_room_5, uniq_maggie
D:8:      layout_rooms, led_xom_imps, david_lair_generic, serial_shops,
          nicolae_shop_trees, ebering_ghost_inner_flame

Skill      XL: |  1  2  3  4  5  6  7  8  9 |
---------------+----------------------------+-----
Short Blades   | 3 4 5 6 7 8 |  8.3
Fighting       | 3 4 5 7 |  7.5
Dodging        | 3 5 |  5.8
Evocations     | 2 |  2.3
Stealth        | |  4.5

Action                   |  1- 3 |  4- 6 |  7- 9 || total
-------------------------+-------+-------+-------++-------
Melee: Short sword       |    64 |   120 |   295 ||   479
       Spear             |       |   101 |   151 ||   252
       Punch             |       |     2 |     6 ||     8
 Fire: Sling             |       |    16 |    17 ||    33
Throw: Boomerang         |       |     1 |     4 ||     5
 Cast: Foxfire           |       |       |     1 ||     1
Evoke: Wand              |       |       |    15 ||    15
  Use: Potion            |       |     3 |     1 ||     4
 Stab: Sleeping          |     2 |    16 |     3 ||    21
       Distracted        |     1 |       |       ||     1
       Invisible         |       |       |     4 ||     4
Armor: Leather armour    |    12 |    48 |    50 ||   110
       Swamp dragon scal |       |       |    78 ||    78
Dodge: Dodged            |    59 |   109 |   271 ||   439

Table legend: (Time is in decaauts)
 A = Elapsed time spent in this place.
 B = Non-inter-level travel time spent in this place.
 C = Inter-level travel time spent in this place.
 D = Time resting spent in this place.
 E = Time spent auto-exploring this place.
 F = Levels seen in this place.
 G = Mean time per level.
                   A        B        C        D        E       F      G
               +--------+--------+--------+--------+--------+-----+--------+
         Total |   6675 |   6501 |    174 |    871 |   3733 |   8 |  834.4 |
       Dungeon |   6675 |   6501 |    174 |    871 |   3733 |   8 |  834.4 |
               +--------+--------+--------+--------+--------+-----+--------+

Top non-repeatable levels by time:
     D:7: 1602 daAuts
     D:5: 1063 daAuts
     D:6: 828 daAuts
     D:3: 795 daAuts
     D:2: 755 daAuts
     D:8: 607 daAuts
     D:1: 513 daAuts
     D:4: 508 daAuts
